 Dungeon Crawl Stone Soup version 0.32-a0-519-g08f29ac1c3 (webtiles) character file.

Game seed: 4083434089394865820

25 kae the Changeling (level 2, 0/24 HPs)
             Began as a Draconian Shapeshifter on Feb 27, 2024.
             Slain by an orc
             ... wielding a +0 flail
              (9 damage)
             ... on level 3 of the Dungeon.
             The game lasted 00:00:44 (1783 turns).

kae the Changeling (Draconian Shapeshifter)         Turns: 1783, Time: 00:00:45

Health: 0/24       AC:  4    Str: 16    XL:     2   Next: 82%
Magic:  2/2        EV: 12    Int: 10    God:
Gold:   138        SH:  0    Dex: 10    Spells: 1/1 levels left

rFire   . .          .
                       - Unarmed
rCold   . . .        (no shield)
rNeg    . . .        (body armour unavailable)
rPois   .            (helmet currently unavailable)
rElec   .            (cloak currently unavailable)
rCorr   .            (gloves currently unavailable)
SInv    .            (boots currently unavailable)
Will    .....        (no amulet)
Stlth   +            (no ring)
HPRegen 0.24/turn    (no ring)
MPRegen 0.08/turn

%: no passive effects
@: beast-form
A: beast (slay +2), AC +4, unfitting armour, cold-blooded
a: Begin Untransformation


You were on level 3 of the Dungeon.
You were a hulking beast.
You visited 1 branch of the dungeon, and saw 3 of its levels.

You collected 138 gold pieces.


Innate Abilities, Weirdness & Mutations

You are a hulking beast.
Your limbs bulge with bestial killing power. (Slay +2)
Your plain brown scales are hard. (AC +4)
You cannot fit into any form of body armour.
You are cold-blooded and may be slowed by cold attacks.


   Skills:
 + Level 1.8 Fighting
 - Level 1.7 Dodging
 + Level 3.2 Unarmed Combat
 * Level 3.5 Shapeshifting


You had one spell level left.
You didn't know any spells.
Your spell library contained the following spells:

 Spells                   Type           Power      Damage    Failure   Level
 Tukima's Dance           Hex            0%         N/A       75%         3
 Passage of Golubria      Tloc           0%         N/A       98%         4
 Yara's Violent Unravell  Hex/Alch       0%         3d3       100%        5

Inventory:

Missiles
 d - 8 stones (quivered)
 i - 8 boomerangs
Talismans
 b - a beast talisman (active)
 c - a flux talisman
Wands
 e - a wand of charming (3)
   (You found it on level 3 of the Dungeon)
Scrolls
 j - a scroll of blinking {!r}
 k - a scroll of teleportation {@r4}
 l - a scroll of immolation {!r!r}
 m - a scroll of noise {unknown}
 o - a scroll of amnesia
 p - a scroll of silence {unknown}
Potions
 a - 3 potions of lignification {!q}
 f - 2 potions of magic
 g - a potion of degeneration {!q}
 h - a potion of curing {@q1}
 n - a potion of enlightenment

Dungeon Overview and Level Annotations

Branches:
Dungeon (3/15) Zot: 16218

Altars:
The Shining One

...........##.#
#.........##..#
##⌠.....⌠##.###
####'''####.######
.................#
###########.####.#
#.# #.# #.#
#.######### #.#
#h#.[[....# #.#
#o#....)... #.#
#o#...o...# #.#
#o......... #.#
###.......# #..
........#
##.......#
#########


You could see 3 orcs.


Message History

Found a stone staircase leading down.
No target in view!
No target in view!
a - 3 potions of lignification {!q} (gained 1)
A goblin comes into view. It is wielding a +0 club.
The goblin shouts!
A goblin is nearby!
A goblin is nearby!
The goblin barely misses you.
You punch the goblin!
You kill the goblin!
A dart slug comes into view.
A dart slug is nearby!
The dart slug barely misses you.
You punch the dart slug! The dart slug closely misses you.
A dart slug is nearby!
A dart slug is nearby!
You hit the dart slug but do no damage. You hit the dart slug.
You kill the dart slug!
You now have 101 gold pieces (gained 11).
h - 3 potions of curing {@q1} (gained 2)
Found a stone staircase leading up.
No target in view!
No target in view!
You now have 111 gold pieces (gained 10).
A bat comes into view.
The bat closely misses you. The bat barely misses you.
You hit the bat but do no damage. The bat closely misses you. x2
A bat is nearby!
You hit the bat.
You kill the bat!
No target in view!
You see here a bat corpse.
You open the gate.
There is an open gate here.
You now have 114 gold pieces (gained 3).
A hobgoblin comes into view.
You see here a wand of charming (3).
A hobgoblin is nearby!
A hobgoblin is nearby!
The hobgoblin barely misses you.
You hit the hobgoblin. You punch the hobgoblin.
The hobgoblin hits you but does no damage.
A hobgoblin is nearby!
You hit the hobgoblin.
You kill the hobgoblin!
No target in view!
e - a wand of charming (3) No target in view!
No target in view!
You now have 128 gold pieces (gained 14).
You now have 138 gold pieces (gained 10).
You open the gate.
There is an open gate here.
A rat comes into view.
A rat is nearby!
The helpless rat fails to defend itself.
You hit the rat.
You kill the rat!
No target in view!
An orc comes into view. It is wielding a +0 trident.
The orc shouts!
You hear a shout! x2 2 orcs come into view.
The orc shouts! x2
The orc barely misses you.
There are monsters nearby!
The orc hits you with a +0 flail!
The orc hits you from afar with a +0 trident!
* * * LOW HITPOINT WARNING * * *
You are too injured to fight recklessly!
There are monsters nearby!
You are too injured to fight recklessly!
You are too injured to fight recklessly!
There are monsters nearby! 😨 HP[-14]
You take 14 damage, and now have 10/24 hp.
MASSIVE DAMAGE!! (PAUSE)
Okay, then.
The orc barely misses you. The orc attacks as it pursues you!
The orc closely misses you. The orc attacks as it pursues you!
The orc barely misses you. The orc attacks as it pursues you!
The orc hits you from afar with a +0 trident.
* * * LOW HITPOINT WARNING * * *
You feel better. The orc hits you with a +0 flail.
* * * LOW HITPOINT WARNING * * *
The orc barely misses you. 😨 HP[+2]
You regained 2 hp, and now have 12/24 hp.
You hit the orc but do no damage.
You tail-slap the orc, but do no damage.
The orc hits you with a +0 flail!
* * * LOW HITPOINT WARNING * * *
The orc closely misses you. 😱 HP[-8]
You take 8 damage, and now have 4/24 hp.
MASSIVE DAMAGE!! (PAUSE)
You feel better. The orc hits you with a +0 flail!
You die...

Action                     || total
---------------------------++-------
  Melee: Unarmed           ||    42
         Tailslap          ||     3
         Punch             ||     1
    Use: Scroll            ||     8
         Potion            ||     2
   Stab: Sleeping          ||     2
 Armour: Skin              ||    22
  Dodge: Dodged            ||    31
         Repelled          ||     1

Levels and vault maps discovered:
D:1:      amcnicky_arrival_double_pillar, layout_loops_corners,
          minmay_tromino_v4_c
D:2:      layout_loops_corners, chequers_ecumenical_altar_simple_redux,
          basic_altar
D:3:      layout_loops_ring, evilmike_ruin_ashenzari, hangedman_decor_push,
          kennysheep_donut, dreamdust_princess_corridor

Notes
Turn   | Place    | Note
-------+----------+-------------------------------------------
     0 | D:1      | kae the Draconian Shapeshifter began the quest for the Orb.
     0 | D:1      | Reached XP level 1. HP: 16/16 MP: 1/1
     0 | D:1      | magus.rc [v1.11.3]
    51 | D:1      | You add the spells Tukima's Dance, Passage of Golubria and
                  | Yara's Violent Unravelling to your library.
   532 | D:1      | Reached XP level 2. HP: 21/23 MP: 2/2
   866 | D:2      | Found a faded altar of an unknown god.
  1039 | D:2      | Found a glowing golden altar of the Shining One.
  1782 | D:3      | HP: 4/24 [orc/+0 flail (8)]
  1783 | D:3      | Slain by an orc

Vanquished Creatures
  2 dart slugs
  2 endoplasms
  2 goblins
  3 hobgoblins
  2 quokkas (D:2)
  A ball python (D:2)
  5 bats
  A frilled lizard (D:1)
  A rat (D:3)
19 creatures vanquished.

Table legend:
 A = Non-vault XP
 B = Vault XP
 C = Vault XP percentage of total XP
 D = Non-vault monster count
 E = Vault monster count
 F = Vault count percentage of total count
                 A         B        C        D         E       F
            +---------+---------+-------+---------+---------+-------
      Total |      33 |       3 |   8.3 |      17 |       2 |  10.5
            +---------+---------+-------+---------+---------+-------
        D:1 |      13 |       3 |  18.8 |       6 |       2 |  25.0
        D:2 |      10 |       0 |   0.0 |       6 |       0 |   0.0
        D:3 |      10 |       0 |   0.0 |       5 |       0 |   0.0
            +---------+---------+-------+---------+---------+-------

Action                     || total
---------------------------++-------
  Melee: Unarmed           ||    42
         Tailslap          ||     3
         Punch             ||     1
    Use: Scroll            ||     8
         Potion            ||     2
   Stab: Sleeping          ||     2
 Armour: Skin              ||    22
  Dodge: Dodged            ||    31
         Repelled          ||     1

Illustrated notes

Table legend:
 A = Kills in this place as a percentage of kills in the entire game.
 B = Kills by you in this place as a percentage of kills by you in the entire game.
 C = Kills by friends in this place as a percentage of kills by friends in the entire game.
 D = Other kills in this place as a percentage of other kills in the entire game.
 E = Experience gained in this place as a percentage of experience gained in the entire game.
 F = Experience gained in this place divided by the number of levels of this place that you have seen.
                   A       B       C       D       E      F
               +-------+-------+-------+-------+-------+----------------------
         Total | 100.0 | 100.0 |   N/A |   N/A | 100.0 |  12.0
       Dungeon | 100.0 | 100.0 |   N/A |   N/A | 100.0 |  12.0
               +-------+-------+-------+-------+-------+----------------------

Table legend: (Time is in decaauts)
 A = Elapsed time spent in this place.
 B = Non-inter-level travel time spent in this place.
 C = Inter-level travel time spent in this place.
 D = Time resting spent in this place.
 E = Time spent auto-exploring this place.
 F = Levels seen in this place.
 G = Mean time per level.
                   A        B        C        D        E       F      G
               +--------+--------+--------+--------+--------+-----+--------+
         Total |   1780 |   1752 |     28 |      0 |   1595 |   3 |  593.3 |
       Dungeon |   1780 |   1752 |     28 |      0 |   1595 |   3 |  593.3 |
               +--------+--------+--------+--------+--------+-----+--------+

Top non-repeatable levels by time:
     D:1: 815 daAuts
     D:2: 760 daAuts
     D:3: 205 daAuts
